cohdb
Replays
Latest Replays
All Replays
Popular Replays
Top Player Replays
Match Explorer
How It Works
Community
CoH3 Stats
Reddit
Sign in to upload your games and track your stats! →
Sign in with Steam
Match 43891215
Unlisted
Match 43891215
Overview
Messages
Build Orders
End
Kradschützen Motorcycle Team
Panzergrenadier Squad
Selects Panzerjäger Kommand Battlegroup
Panzergrenadier Squad
Construct Light Support Kompanie
Selects GrB 39 Grenade Launcher Requisition
MG34 Team
Combat Half-tracks
Panzerjäger Mechanized Group
Selects Mine Fields
Selects Defensive Positions
Panzergrenadier Squad
250 Light Carrier
Construct Mechanized Kompanie
Panzerpioneer Squad
Selects Butterfly Bomb Drop
Butterfly Bomb Drop
Assault Mechanized Group
Support Armor Elements
Selects Crew Shock Tactics
StuG III D Assault Gun
Construct Panzerarmee Kommand
Butterfly Bomb Drop
le.IG 18 Mechanized Group
Panzer III L Medium Tank
Panzer III L Medium Tank
ßoo
tal4vg
0
0
Comments
sign in to comment!
No comments posted yet!